 Dungeon Crawl Stone Soup version 0.31-a0-743-g45f7035092 (webtiles) character file.

Game seed: 6417385426396586824

4 javelincjr the Conjurer (level 1, 0/11 HPs)
             Began as an Octopode Conjurer on Sept 12, 2023.
             Slain by a quokka (5 damage)
             ... on level 1 of the Dungeon.
             The game lasted 00:00:24 (66 turns).

javelincjr the Conjurer (Octopode Conjurer)           Turns: 66, Time: 00:00:25

Health: 0/11       AC:  1    Str:  6    XL:     1   Next: 60%
Magic:  0/3        EV: 13    Int: 20    God:
Gold:   0          SH:  0    Dex: 10    Spells: 3/4 levels left

rFire   . . .        (no weapon)
rCold   . . .        (no shield)
rNeg    . . .        b - +0 hat
rPois   .            (no amulet)
rElec   .            (no ring)
rCorr   .            (no ring)
SInv    .            (no ring)
Will    .....        (no ring)
Stlth   +++          (no ring)
HPRegen 0.21/turn    (no ring)
MPRegen 0.08/turn    (no ring)
                     (no ring)

%: no passive effects
@: no status effects
A: almost no armour, amphibious, 8 rings, camouflage 1, gelatinous body 1,
(nimble swimmer 1), tentacles
a: no special abilities


You were on level 1 of the Dungeon.
You visited 1 branch of the dungeon, and saw 1 of its levels.

Inventory:

Armour
 b - a +0 hat (worn)
Potions
 a - a potion of magic


   Skills:
 + Level 2.1 Dodging
 + Level 2.8 Stealth
 + Level 2.0 Spellcasting
 + Level 4.0 Conjurations


You had 3 spell levels left.
You knew the following spells:

 Your Spells              Type           Power      Damage    Failure   Level
a - Magic Dart            Conj           72%        1d6       3%          1

Your spell library contained the following spells:

 Spells                   Type           Power      Damage    Failure   Level
 Searing Ray              Conj           36%        2d5       4%          2
 Dazzling Flash           Conj/Hex       20%        N/A       21%         3
 Fulminant Prism          Conj/Hex       5%         3d7       56%         4
 Iskenderun's Mystic Bla  Conj/Tloc      10%        2d4       56%         4


Dungeon Overview and Level Annotations

Branches:
Dungeon (1/15)

Altars:


Innate Abilities, Weirdness & Mutations

You cannot wear most types of armour.
You are amphibious.
You can wear up to eight rings at the same time.
Your skin changes colour to match your surroundings (Stealth+).
Your rubbery body absorbs attacks. (AC +1, EV +1)
((You are camouflaged when in or above water. (Stealth+)))
You have tentacles for arms and can constrict up to eight enemies at once.


Message History

Found a stone staircase leading down.
Found a hat.
Found 5 gold pieces.
A quokka and a bat come into view.
The magic dart hits the bat.
You kill the bat!
The magic dart hits the quokka.
The quokka is severely wounded.
The magic dart hits the quokka.
You kill the quokka!
You start resting.
Magic restored.
You see here a +0 hat.
b - a +0 hat You start putting on your armour.
You continue putting on your +0 hat. x4
You finish putting on your +0 hat.
A goblin comes into view. It is wielding a +0 dagger.
The magic dart hits the goblin.
The goblin is heavily wounded.
The goblin shouts!
The magic dart hits the goblin.
You kill the goblin!
A quokka comes into view.
An endoplasm comes into view.
The magic dart hits the quokka.
The quokka is moderately wounded.
The endoplasm quivers.
You closely miss the quokka. You grab the quokka.
The quokka is moderately wounded.
You constrict the quokka, but do no damage.
The quokka bites you.
The endoplasm jiggles.
You tentacle-slap the quokka but do no damage.
The quokka is moderately wounded.
You constrict the quokka. The quokka closely misses you. The quokka bites you.
You are too injured to fight recklessly!
You are too injured to fight recklessly!
You tentacle-slap the quokka but do no damage.
The quokka is heavily wounded.
You constrict the quokka. The quokka bites you.
You die...

.......
.......
....... ##
..J.... #.
...)..
#.#####.†.###
#.#...r$....#
#.#..@...#
#.#...#..#
##.##†.#.###
#..........#
###.####.#.#
#.# .### .
##.### .. ..
##....# ###
...#.....#


You could see an endoplasm and a quokka.

Vanquished Creatures
  A bat (D:1)
  A goblin (D:1)
  A quokka (D:1)
3 creatures vanquished.

Notes
Turn   | Place    | Note
-------+----------+-------------------------------------------
     0 | D:1      | javelincjr the Octopode Conjurer began the quest for the
                  | Orb.
     0 | D:1      | Reached XP level 1. HP: 11/11 MP: 3/3
    66 | D:1      | Slain by a quokka

Illustrated notes

Levels and vault maps discovered:
D:1:      elethiomel_arrival_shortcut, layout_basic, hangedman_decor_opposing

Action                     || total
---------------------------++-------
  Melee: Unarmed           ||     3
         Constrict         ||     1
   Cast: Magic Dart        ||     6
 Armour: Skin              ||     3
  Dodge: Dodged            ||     1

Table legend: (Time is in decaauts)
 A = Elapsed time spent in this place.
 B = Non-inter-level travel time spent in this place.
 C = Inter-level travel time spent in this place.
 D = Time resting spent in this place.
 E = Time spent auto-exploring this place.
 F = Levels seen in this place.
 G = Mean time per level.
                   A        B        C        D        E       F      G
               +--------+--------+--------+--------+--------+-----+--------+
         Total |     66 |     66 |      0 |     35 |      3 |   1 |   66.0 |
       Dungeon |     66 |     66 |      0 |     35 |      3 |   1 |   66.0 |
               +--------+--------+--------+--------+--------+-----+--------+

Top non-repeatable levels by time:
     D:1: 66 daAuts
